 Dungeon Crawl Stone Soup version 0.19.3-4-gbf9329e (webtiles) character file.

28786 dngmouse the Bludgeoner (level 13, -9/113 HPs)
             Began as a Minotaur Fighter on Jan 29, 2017.
             Was the Champion of Okawaru.
             Mangled by an orc knight
             ... wielding a +3 great mace of protection
              (29 damage)
             ... on level 2 of the Orcish Mines.
             The game lasted 00:41:37 (13427 turns).

dngmouse the Bludgeoner (Minotaur Fighter)         Turns: 13427, Time: 00:41:38

Health: -9/113     AC: 23    Str: 28    XL:     13   Next: 11%
Magic:  20/20      EV: 11    Int: 10    God:    Okawaru [******]
Gold:   1675       SH: 12    Dex: 14    Spells: 0 memorised, 12 levels left

rFire  + . .     SeeInvis +     k - +9 eveningstar "Ipraf" {drain, rF+ rC+ Dex+2}
rCold  + . .     Gourm    .     Y - +1 plate armour of the Morning {+Fly Regen+ Int+5 Dex-2} (curse)
rNeg   . . .     Faith    .     c - +0 shield
rPois  +         Spirit   .     (helmet restricted)
rElec  .         Reflect  .     O - +2 cloak
rCorr  .         Harm     .     (no gloves)
MR     +....     Clarity  +     D - +1 pair of boots
Stlth  ..........               (no amulet)
                                q - ring of see invisible
                                C - +6 ring of strength

@: about to teleport, heroism, drained
A: retaliatory headbutt, horns 2, repulsion field 1, clarity, frail 1, magic
resistance 1, poison resistance, shaggy fur 1, slow regeneration 1, wild magic
1, MP-powered wands
a: Heroism, Finesse, Renounce Religion, Evoke Flight


You were on level 2 of the Orcish Mines.
You worshipped Okawaru.
Okawaru was exalted by your worship.
You were hungry.

You visited 3 branches of the dungeon, and saw 15 of its levels.
You also visited: Ossuary and Ice Cave.

You collected 2487 gold pieces.
You spent 812 gold pieces at shops.

Inventory:

Hand Weapons
 k - the +9 eveningstar "Ipraf" (weapon) {drain, rF+ rC+ Dex+2}
   (Okawaru gifted it to you on level 10 of the Dungeon)

   A truly terrible weapon, it drains the life of those it strikes.
   It affects your dexterity (+2).
   It protects you from fire.
   It protects you from cold.
Armour
 c - a +0 shield (worn)
 y - a +2 chain mail of poison resistance
 D - a +1 pair of boots (worn)
 O - a +2 cloak (worn)
 Y - the cursed +1 plate armour of the Morning (worn) {+Fly Regen+ Int+5 Dex-2}
   (You bought it in a shop on level 10 of the Dungeon)

   It affects your intelligence (+5).
   It affects your dexterity (-2).
   It lets you fly.
   It increases your rate of regeneration.
   It has a curse placed upon it.
Jewellery
 a - an uncursed ring of protection from cold
 e - an uncursed ring of stealth
 q - a ring of see invisible (right hand)
 C - a +6 ring of strength (left hand)
 P - an uncursed ring of protection from cold
 S - an uncursed ring of ice
Wands
 r - a wand of enslavement (14/24)
 s - a wand of lightning (9/15)
 x - a wand of acid (7/15)
 F - a wand of slowing (22/48)
 G - a wand of confusion (28/48)
 I - a wand of acid (6/15)
 N - a wand of enslavement (9/24)
 T - a wand of paralysis (11/24)
 W - a wand of acid (9/15)
Scrolls
 b - a scroll of fog
 j - 3 scrolls of magic mapping
 l - 2 scrolls of teleportation
 n - 8 scrolls of remove curse
 w - a scroll of amnesia
 A - a scroll of enchant weapon
 B - a scroll of enchant armour
 R - a scroll of brand weapon
 U - a scroll of holy word {unknown}
 V - a scroll of fear
Potions
 d - 3 potions of might
 h - a potion of agility
 u - a potion of flight
 v - 3 potions of curing
 z - a potion of resistance
 H - a potion of magic
 K - a potion of cancellation
 L - a potion of haste
Miscellaneous
 E - a box of beasts
 J - a fan of gales
Comestibles
 f - 13 bread rations
 g - 10 fruits
 i - 9 meat rations
 m - 5 slices of pizza
 p - 5 royal jellies
 t - 2 beef jerkies


   Skills:
 + Level 15.0(19.5) Fighting
 * Level 15.8(20.3) Maces & Flails
 - Level 7.5(12.1) Armour
 - Level 3.6(8.2) Shields
 + Level 11.0(10.6) Invocations


You had 12 spell levels left.
You didn't know any spells.

Dungeon Overview and Level Annotations

Branches:
Dungeon (12/15)            Temple (1/1) D:4            Lair (0/6) D:11
    Orc (2/2) D:12            Elf (0/3) Orc:2

Altars:
Ashenzari
Cheibriados
Dithmenos
Elyvilon
Fedhas
Gozag
Hepliaklqana
Kikubaaqudgha
Makhleb
Nemelex Xobeh
Okawaru
Qazlal
Ru
Sif Muna
Trog
Uskayaw
Vehumet
Xom
Yredelemnul
Zin
The Shining One
Beogh

Shops:
D:8 %   D:10 [


Innate Abilities, Weirdness & Mutations

You reflexively headbutt those who attack you in melee.
You have a pair of horns on your head.
You are surrounded by a mild repulsion field. (EV +2)
You possess an exceptional clarity of mind.
You are frail. (-10% HP)
You are resistant to hostile enchantments. (MR+)
Your system is resistant to poisons. (rPois)
You are covered in fur. (AC +1)
You regenerate slowly when monsters are visible.
Your spells are a little harder to cast, but a little more powerful.
You expend magic power (3 MP) to strengthen your wands.


Message History

The orc knight no longer looks unusually strong.
The orc warrior hits you with a mace!
The orc knight hits you with a great mace of protection!!
Found two rat skeletons.
Items here: )) [ ÷ a dagger; a robe; an enchanted war axe; a rat skeleton
As you read the scroll of teleportation, it crumbles to dust.
You feel strangely unstable.
The orc priest invokes the aid of Beogh against you.
Beogh smites you!
* * * LOW HITPOINT WARNING * * *
The orc high priest calls down the wrath of Beogh upon you.
Pain shoots through your body!
* * * LOW HITPOINT WARNING * * *
The orc priest calls upon Beogh to heal the orc warrior.
The orc warrior is healed somewhat.
An orc sorcerer comes into view. It is wielding a dagger.
The orc high priest no longer looks unusually strong.
The orc knight hits you with a great mace of protection!!
You die...

..# ................
..## .##.............
...### ###..............
..##.####
##................
......#.##
##.................
.........#
##.....######.......
........## #..).###
#....... ........###
#...## #.......
........#.## #.o@##
####.... ##.........#
##))o# #....
..........## #.oooo÷..÷
##...
..........######.÷.oo.§o
##..
......>...##.####...÷o..
#... <.......#.....#
...÷... ###..
...........#.## ##.....
##.... ........#.####
#÷... ###.....
.......####
######......#


You could see 3 orc knights, an orc high priest, 3 orc warriors and 2 orc
priests.

Vanquished Creatures
  Snorg (D:11)
  Josephine (D:10)
  The ghost of shugdite the Carver, a journeyman MiFi of Okawaru (D:10)
  2 ice dragons (IceCv)
  Fannar (D:11)
  A hydra (D:12)
  The ghost of Stiffzip the Martial Artist, a novice OpGl of Uskayaw (D:8)
  2 orc high priests (Orc:2)
  The ghost of protoss039 the Cleaver, a novice MiBe of Trog (D:7)
  Pikel (D:7)
  3 hill giants (D:11)
  An orc knight (Orc:2)
  A deep elf mage (D:6)
  2 orc sorcerers (Orc:2)
  2 ice statues (IceCv)
  Psyche (D:10)
  4 rime drakes
  A komodo dragon (D:10)
  A merfolk (D:10)
  3 trolls
  A hornet (D:11)
  3 two-headed ogres
  A hippogriff (D:10)
  9 yaks
  3 wraiths (D:10)
  A hungry ghost (D:7)
  A wyvern (D:10)
  Grum (D:10)
  2 wargs (Orc:1)
  A soldier ant (D:10)
  20 orc warriors
  A slave (D:7)
  A swamp drake (D:12)
  2 sky beasts
  15 ice beasts
  A black bear (D:10)
  5 phantoms
  14 ogres
  4 wolves (D:10)
  2 necrophages
  7 centaurs
  A big kobold (D:8)
  3 elf zombies
  5 bullfrogs
  A gnoll sergeant (D:8)
  An elf skeleton (D:8)
  A wyvern skeleton (D:8)
  4 scorpions
  10 killer bees
  A wight (D:9)
  3 howler monkeys
  7 crimson imps
  A bullfrog zombie (D:9)
  2 centaur zombies
  A quasit (D:10)
  4 jellies
  2 centaur skeletons
  4 human zombies
  23 orc priests
  A bullfrog skeleton (D:11)
  A gnoll shaman (D:10)
  2 hounds
  24 orc wizards
  Natasha (thrice) (D:3)
  8 iguanas
  2 human skeletons (D:8)
  8 worker ants
  2 big kobold zombies (Ossuary)
  2 mummies (Ossuary)
  19 adders
  9 gnolls
  4 shadow imps
  3 oozes
  3 adder skeletons
  4 worms
  A dart slug (D:2)
  6 leopard geckos
  76 orcs
  3 ball pythons
  7 giant cockroaches
  4 goblins
  7 hobgoblins
  6 jackals
  2 quokkas
  6 bats
  3 frilled lizards
  3 goblin zombies (Ossuary)
  9 hobgoblin zombies (Ossuary)
  2 jackal zombies
  8 kobolds
  8 kobold zombies (Ossuary)
  An orc skeleton (D:8)
  9 orc zombies (Ossuary)
  A quokka zombie (D:6)
  10 rats
467 creatures vanquished.

Notes
Turn   | Place    | Note
-------+----------+-------------------------------------------
     0 | D:1      | dngmouse the Minotaur Fighter began the quest for the Orb.
     0 | D:1      | Reached XP level 1. HP: 19/19 MP: 0/0
   513 | D:2      | Reached XP level 2. HP: 19/27 MP: 1/1
   787 | D:2      | Reached XP level 3. HP: 32/33 MP: 2/2
   857 | D:2      | Reached XP level 4. HP: 31/41 MP: 3/3
  1318 | D:3      | Reached skill level 5 in Maces & Flails
  1346 | D:3      | Reached skill level 5 in Fighting
  1356 | D:2      | Reached XP level 5. HP: 31/48 MP: 4/4
  1542 | D:3      | Noticed Natasha
  1546 | D:3      | Killed Natasha
  1709 | D:3      | Noticed Natasha
  1727 | D:3      | Killed Natasha
  1886 | D:3      | Noticed Natasha
  1891 | D:3      | Killed Natasha
  2160 | D:3      | Reached XP level 6. HP: 56/56 MP: 5/5
  2533 | D:4      | Found a staircase to the Ecumenical Temple.
  2546 | Temple   | Entered the Ecumenical Temple
  2626 | Temple   | Became a worshipper of Warmaster Okawaru
  3140 | D:4      | Noticed a sky beast
  3161 | D:4      | Killed a sky beast
  3167 | D:4      | Gained mutation: You are covered in fur. (AC +1) [mutagenic meat]
  3168 | D:4      | Gained mutation: Your system is resistant to poisons. (rPois) [mutagenic meat]
  3169 | D:4      | Gained mutation: You are frail. (-10% HP) [mutagenic meat]
  3170 | D:4      | Gained mutation: You evolve. [mutagenic meat]
  3171 | D:4      | Gained mutation: You are resistant to hostile enchantments. (MR+) [mutagenic meat]
  3173 | D:4      | Gained mutation: Your spells are a little harder to cast, but a little more powerful. [potion of mutation]
  3173 | D:4      | Gained mutation: You expend magic power (3 MP) to strengthen your wands. [potion of mutation]
  3351 | D:5      | Entered Level 5 of the Dungeon
  3381 | D:5      | Reached * piety under Okawaru
  3381 | D:5      | Reached XP level 7. HP: 46/56 MP: 6/6
  3673 | D:5      | Gained mutation: You are surrounded by a mild repulsion field. (EV +2) [evolution]
  4160 | D:6      | HP: 2/57 [orc priest/divine providence (10)]
  4162 | D:6      | Gained mutation: You have large cloven feet. [potion of beneficial mutation]
  4455 | D:6      | Reached XP level 8. HP: 60/65 MP: 7/7
  4483 | D:6      | Reached ** piety under Okawaru
  4699 | D:6      | Reached skill level 10 in Maces & Flails
  4857 | D:6      | Noticed a deep elf mage
  5084 | D:6      | Gained mutation: You are partially covered in thin metallic scales. (AC +2) [evolution]
  5084 | D:6      | Lost mutation: You evolve. [end of evolution]
  5226 | D:6      | Killed a deep elf mage
  5319 | D:6      | Found a burning altar of Makhleb.
  5330 | D:6      | Reached skill level 1 in Invocations
  5427 | D:6      | Identified the Incunabulum of Feathery Ice
  5514 | D:7      | Reached *** piety under Okawaru
  5589 | D:7      | Noticed protoss039's ghost (novice MiBe)
  5601 | D:7      | Killed protoss039's ghost
  5601 | D:7      | Reached XP level 9. HP: 54/74 MP: 7/10
  5950 | D:7      | Reached skill level 10 in Fighting
  6015 | D:7      | You fall through a shaft for 3 floors!
  6015 | D:10     | Entered Level 10 of the Dungeon
  6027 | D:10     | Reached **** piety under Okawaru
  6057 | D:10     | Reached skill level 5 in Invocations
  6163 | D:9      | Reached XP level 10. HP: 80/84 MP: 12/12
  6775 | D:8      | Found a sand-covered staircase.
  6783 | Ossuary  | Entered an ossuary
  6984 | Ossuary  | Reached skill level 5 in Armour
  7047 | D:8      | Reached ***** piety under Okawaru
  7422 | D:8      | Noticed Stiffzip's ghost (novice OpGl)
  7434 | D:8      | Killed Stiffzip's ghost
  7763 | D:8      | Received a gift from Okawaru
  7766 | D:8      | Found Rofaozul's Food Shop.
  8089 | D:7      | Noticed Pikel
  8109 | D:7      | Killed Pikel
  8395 | D:10     | Noticed Josephine
  8415 | D:10     | Killed Josephine
  8415 | D:10     | Reached XP level 11. HP: 63/94 MP: 7/15
  8938 | D:10     | Noticed Psyche
  8947 | D:10     | Killed Psyche
  8952 | D:10     | Noticed Grum
  8961 | D:10     | Killed Grum
  9342 | D:10     | Received a gift from Okawaru
  9343 | D:10     | Got a twisted eveningstar {god gift}
  9348 | D:10     | Identified the +9 eveningstar "Ipraf" {drain, rF+ rC+ Dex+2} (Okawaru gifted it to you on level 10 of the Dungeon)
  9404 | D:10     | Noticed shugdite's ghost (journeyman MiFi)
  9418 | D:10     | Killed shugdite's ghost
  9428 | D:10     | Found Estriethri's Antique Armour Shop.
  9457 | D:10     | Found a blossoming altar of Fedhas.
  9634 | D:10     | Lost mutation: You have large cloven feet. [mutagenic meat]
  9635 | D:10     | Gained mutation: You regenerate slowly when monsters are visible. [mutagenic meat]
  9636 | D:10     | Gained mutation: You possess an exceptional clarity of mind. [mutagenic meat]
  9637 | D:10     | Lost mutation: You are partially covered in thin metallic scales. (AC +2) [mutagenic meat]
  9729 | D:11     | Noticed a hill giant
  9828 | D:11     | Killed a hill giant
  9840 | D:11     | Noticed Fannar
  9845 | D:11     | Killed Fannar
  9926 | D:11     | Noticed Snorg
  9934 | D:11     | Killed Snorg
 10135 | D:11     | Noticed a hill giant
 10137 | D:11     | Noticed a hill giant
 10139 | D:11     | Killed a hill giant
 10145 | D:11     | Killed a hill giant
 10158 | D:11     | Found a staircase to the Lair.
 10225 | D:11     | Received a gift from Okawaru
 10232 | D:11     | Reached ****** piety under Okawaru
 10232 | D:11     | Reached XP level 12. HP: 88/104 MP: 18/18
 10243 | D:11     | Received a gift from Okawaru
 10544 | D:11     | Found a blossoming altar of Fedhas.
 10642 | D:12     | Noticed an eight-headed hydra
 10652 | D:12     | Killed an eight-headed hydra
 10928 | D:10     | Bought a brightly glowing plate armour for 812 gold pieces
 10928 | D:10     | Identified the cursed +1 plate armour of the Morning {+Fly Regen+ Int+5 Dex-2} (You bought it in a shop on level 10 of the Dungeon)
 11112 | D:12     | Found a staircase to the Orcish Mines.
 11126 | D:12     | Reached skill level 10 in Invocations
 11506 | Orc:1    | Entered Level 1 of the Orcish Mines
 11734 | Orc:1    | Found a roughly hewn altar of Beogh.
 12057 | Orc:2    | Entered Level 2 of the Orcish Mines
 12177 | Orc:1    | Found a frozen archway.
 12181 | Orc:1    | Received a gift from Okawaru
 12185 | Orc:1    | Got an ichor-stained dire flail {god gift}
 12188 | Orc:1    | Identified the +5 dire flail "Qostraw" {protect, *Drain Str+7} (Okawaru gifted it to you on level 1 of the Orcish Mines)
 12202 | IceCv    | Entered an ice cave
 12248 | IceCv    | Reached skill level 15 in Maces & Flails
 12395 | IceCv    | Noticed an ice dragon
 12396 | IceCv    | Noticed an ice dragon
 12405 | IceCv    | Killed an ice dragon
 12412 | IceCv    | Killed an ice dragon
 12797 | Orc:2    | Found a staircase to the Elven Halls.
 12906 | Orc:2    | Found a bloodstained altar of Trog.
 13122 | Orc:2    | Reached XP level 13. HP: 40/112 MP: 13/20
 13424 | Orc:2    | Received a gift from Okawaru
 13424 | Orc:2    | Reached skill level 15 in Fighting
 13427 | Orc:2    | Mangled by an orc knight

Skill      XL: |  1  2  3  4  5  6  7  8  9 10 11 12 13 |
---------------+----------------------------------------+-----
Maces & Flails | 3 4 5 6 8 9 11 12 13 15 | 15.8
Fighting       | 4 5 6 7 9 10 12 13 14 15 | 15.0
Invocations    | 3 5 7 9 10 11 | 11.0
Armour         | 4 6 7 |  7.5
Shields        | |  3.6

Action                   |  1- 3 |  4- 6 |  7- 9 | 10-12 | 13-15 || total
-------------------------+-------+-------+-------+-------+-------++-------
Melee: Flail             |    55 |   177 |   209 |   358 |       ||   799
       Headbutt          |    13 |    23 |    48 |   158 |     2 ||   244
       Kick              |       |       |    31 |       |       ||    31
       Eveningstar       |       |       |       |   350 |    20 ||   370
Throw: Tomahawk          |       |       |       |     2 |       ||     2
Invok: Heroism           |       |       |     2 |     8 |     1 ||    11
       Finesse           |       |       |       |     2 |       ||     2
  Use: Potion            |       |     6 |     5 |     4 |       ||    15
       Scroll            |       |       |     5 |    13 |     2 ||    20
 Stab: Invisible         |       |     1 |       |       |       ||     1
       Confused          |       |       |       |     1 |       ||     1
  Eat: Chunk             |       |    13 |     9 |    28 |       ||    50
       Fruit             |       |       |     1 |       |       ||     1
Armor: Scale mail        |    50 |    47 |       |       |       ||    97
       Chain mail        |       |    55 |    69 |   160 |       ||   284
       Skin              |       |       |     5 |       |       ||     5
       Plate armour      |       |       |       |   108 |     6 ||   114
Dodge: Dodged            |    24 |    45 |    49 |   173 |     2 ||   293
Block: Shield            |    36 |    98 |    88 |   333 |     7 ||   562
